cohdb
Replays
Latest Replays
All Replays
Popular Replays
Top Player Replays
Match Explorer
How It Works
Community
CoH3 Stats
Reddit
Sign in to upload your games and track your stats! →
Sign in with Steam
Match 40838119
Unlisted
Match 40838119
Overview
Messages
Build Orders
End
Panzergrenadier Squad
Selects Battlefield Espionage Battlegroup
Panzergrenadier Squad
250 Light Carrier
Panzergrenadier Squad
Construct Light Support Kompanie
Selects 250/3 Funkpanzerwagen
Fire Support Elements
Panzerjäger Mechanized Group
Selects Anti-Tank Incendiary Munitions
Flakvierling Half-track
Construct Mechanized Kompanie
Selects Sector Subterfuge Beacon
254 Reconnaissance Tractor
Pak 38 Anti-tank Gun Team
Selects Plunder
Selects Firestorm
StuG III D Assault Gun
Assault Mechanized Group
StuG III D Assault Gun
Firestorm
Construct Panzerarmee Kommand
Panzer III L Medium Tank
Firestorm
Panzer III L Medium Tank
Firestorm
Emergency Repair Kits
Panzer III L Medium Tank
Assault Mechanized Group
Rapid Advance
Firestorm
Marder III Tank Destroyer
Selects Operation Skorpion
MG34 Team
Firehawk
rpmman99
ßoo
Tactical Nuclear Cow
0
0
Comments
sign in to comment!
No comments posted yet!